 Dungeon Crawl Stone Soup version 0.17-a0-1718-g72dbe4d (webtiles) character file.

67762 kae the Fencer (level 14, -6/121 HPs)
             Began as a Minotaur Fighter on Aug 24, 2015.
             Was the Champion of Qazlal.
             Mangled by a giant leech (22 damage)
             ... on level 8 of the Lair of Beasts.
             The game lasted 00:36:16 (19456 turns).

kae the Fencer (Minotaur Fighter)                  Turns: 19456, Time: 00:36:16

Health: -6/121     AC: 19    Str: 23      XL:     14   Next: 84%
Magic:  23/23      EV:  8    Int:  9 (14) God:    Qazlal [******]
Gold:   1001       SH: 18    Dex: 15      Spells: 0 memorised, 13 levels left

rFire  . . .     SeeInvis .     H - +10 scimitar "Necsaukk" {flame, Str-3 Int+7 Dex+4}
rCold  + . .     Clarity  .     Q - +4 ring mail {MR+}
rNeg   . . .     SustAt   .     c - +0 shield
rPois  +         Gourm    .     L - +2 hat
rElec  .         Spirit   .     (no cloak)
rCorr  .         Warding  .     P - +2 pair of gloves {Str+3}
rMut   .         Stasis   .     (no boots)
MR     ++...                    X - amulet of regeneration
Stlth  +.........               a - ring of protection from cold
                                p - ring of poison resistance

@: protected from physical damage, repel missiles, very resistant to hostile
enchantments, very unstealthy
A: retaliatory headbutt, horns 2
a: Upheaval, Elemental Force, Disaster Area, Renounce Religion


You were on level 8 of the Lair of Beasts.
You worshipped Qazlal.
Qazlal was exalted by your worship.
You were not hungry.

You visited 3 branches of the dungeon, and saw 20 of its levels.

You collected 1359 gold pieces.
You spent 358 gold pieces at shops.

Inventory:

Hand weapons
 s - a +1 falchion of electrocution
 H - the +10 scimitar "Necsaukk" (weapon) {flame, Str-3 Int+7 Dex+4}
   (You acquired it on level 2 of the Lair of Beasts)

   It has been specially enchanted to burn those struck by it, causing extra
   injury to most foes and up to half again as much damage against particularly
   susceptible opponents.
   Big, fiery blades are also staple armaments of hydra-hunters.
   It affects your strength (-3).
   It affects your intelligence (+7).
   It affects your dexterity (+4).
Armour
 c - a +0 shield (worn)
 L - a +2 hat (worn)
 P - a +2 pair of gloves of strength (worn)
 Q - a +4 ring mail of magic resistance (worn)
Rods
 t - a +0 rod of the swarm (9/9)
   (You found it on level 5 of the Lair of Beasts)
Jewellery
 a - a ring of protection from cold (right hand)
 b - a cursed amulet of inaccuracy {unknown}
 p - a ring of poison resistance (left hand)
 x - an uncursed ring of sustain attributes
 X - an amulet of regeneration (around neck)
Magical devices
 f - a wand of frost (35)
 v - a wand of disintegration (10)
 B - a wand of flame (17)
Scrolls
 e - 7 scrolls of teleportation
 h - 2 scrolls of noise {unknown}
 i - 2 scrolls of summoning
 n - a scroll of enchant armour
 u - 2 scrolls of enchant weapon
 y - 5 scrolls of remove curse
 U - 2 scrolls of fog
Potions
 d - 2 potions of might
 g - 5 potions of resistance
 k - 2 potions of ambrosia
 l - a potion of cancellation {unknown}
 o - 2 potions of agility
 q - 5 potions of curing
 r - a potion of invisibility {unknown}
 w - a potion of berserk rage
 A - 4 potions of brilliance
 C - 2 potions of lignification {unknown}
 D - a potion of magic {unknown}
 G - a potion of heal wounds
 K - a potion of haste
 M - 2 potions of flight {unknown}
Books
 j - an Akashic Record

   Spells                             Type                      Level
   a - Dispersal                      Translocation                6
   b - Controlled Blink               Translocation                7
   c - Malign Gateway                 Summoning/Translocation      7
   d - Disjunction                    Translocation                8
 z - a book of the Dragon

   Spells                             Type                      Level
   a - Flame Tongue                   Conjuration/Fire             1
   b - Cause Fear                     Hexes                        4
   c - Bolt of Fire                   Conjuration/Fire             6
   d - Dragon Form                    Transmutation                7
   e - Dragon's Call                  Summoning                    9
Comestibles
 m - 38 fruits


   Skills:
 - Level 10.1 Fighting
 + Level 20.9 Long Blades
 - Level 10.1 Armour
 - Level 3.6 Shields
 - Level 14.3 Invocations


You had 13 spell levels left.
You didn't know any spells.

Dungeon Overview and Level Annotations

Branches:
Dungeon (11/15)            Temple (1/1) D:7            Lair (8/8) D:10
  Swamp (0/4) Lair:3       Spider (0/4) Lair:4        Slime (0/6) Lair:7
    Orc (0/4) D:10

Altars:
Ashenzari
Cheibriados
Dithmenos
Elyvilon
Fedhas
Gozag
Kikubaaqudgha
Makhleb
Nemelex Xobeh
Okawaru
Qazlal
Ru
Sif Muna
Trog
Vehumet
Xom
Yredelemnul
Zin
The Shining One

Shops:
D:6 }   D:9 *

Portals:
Trove: D:10 (show slimy rune of Zot)

Annotations:
Lair:8 1 runed door


Innate Abilities, Weirdness & Mutations

You reflexively headbutt those who attack you in melee.
You have a pair of horns on your head.


Message History

You kill the worm!
Qazlal accepts your kill.
You slash the giant leech! You burn the giant leech.
The giant leech is almost dead.
The giant leech bites you!
* * * LOW HITPOINT WARNING * * *
The giant leech draws strength from your injuries!
The worm barely misses you.
You hit the worm. You burn the worm.
The worm is moderately wounded.
You block the giant leech's attack.
You completely miss the giant leech.
The giant leech is almost dead.
The worm bites you!
* * * LOW HITPOINT WARNING * * *
You feel protected from physical attacks.
You barely miss the giant leech. You headbutt the giant leech.
The giant leech is almost dead.
The giant leech bites you!!
You die...

##P.#..##
#..##### #...#
##..## ##..# .
#..### .. ##...#+
...## ##.§.##
#...w## ###@§.#
#....######www###
#.w†.#†#...##
#k†.†....##
#.##...### ##
#####


You could see a giant leech and 2 worms.

Vanquished Creatures
  The ghost of nuthulu the Tortoise, a powerful MiFi of Okawaru (Lair:8)
  Harold (D:10)
  7 hydras
  A queen ant (Lair:8)
  15 death yaks
  Sonja (Lair:3)
  Nergalle (Lair:4)
  A fire crab (Lair:8)
  An unseen horror (D:10)
  A swamp dragon (Lair:4)
  2 hill giants (D:10)
  2 lindwurms (Lair:8)
  3 griffons (Lair:6)
  6 elephants (Lair:7)
  7 torpor snails
  6 black mambas
  2 fire drakes
  9 komodo dragons
  16 spiny frogs
  A tengu conjurer (D:10)
  4 trolls
  2 giant leeches (Lair:8)
  A boulder beetle (Lair:8)
  A polar bear (Lair:5)
  A slime creature (Lair:7)
  A wyvern (Lair:8)
  23 blink frogs
  8 hippogriffs
  2 basilisks
  A deep elf mage (D:10)
  47 yaks
  17 wolves
  2 hungry ghosts
  13 water moccasins
  The ghost of kae the Firebug, an average TeFE (D:3)
  20 soldier ants (Lair:8)
  8 spiders (Lair:4)
  A phantom (D:9)
  2 sky beasts
  2 swamp drakes
  4 wasps (Lair:8)
  3 ice beasts
  16 porcupines
  6 orc warriors
  3 centaurs
  6 ogres
  12 crocodiles
  19 giant frogs
  3 brain worms (Lair:8)
  A wyvern zombie (D:9)
  A wyvern skeleton (D:10)
  4 killer bees (D:7)
  3 scorpions
  3 electric eels (D:10)
  4 wights (D:7)
  2 hounds
  A centaur zombie (D:7)
  3 crimson imps
  A gnoll shaman (D:7)
  2 giant frog zombies
  A centaur skeleton (D:10)
  5 jellies
  11 orc priests
  14 iguanas
  15 orc wizards
  31 worker ants
  55 river rats
  12 gnolls
  15 adders
  A shadow imp (D:10)
  An adder zombie (D:8)
  3 oozes
  9 worms
  52 orcs
  2 ball pythons
  5 giant cockroaches
  7 hobgoblins
  4 jackals (D:2)
  15 bats
  A giant cockroach zombie (D:5)
  3 giant geckos
  A giant gecko skeleton (D:9)
  A giant gecko zombie (D:9)
  5 giant newts
  11 goblins
  2 kobolds (D:2)
  5 quokkas
  8 rats
  3 bushes
  2 butterflies
  65 fungi
  21 plants
724 creatures vanquished.

Vanquished Creatures (collateral kills)
  A death yak (Lair:7)
  2 blink frogs
  A boulder beetle (Lair:7)
  3 yaks
  A vampire bat (Lair:6)
8 creatures vanquished.

Vanquished Creatures (others)
  20 fungi
  24 plants
44 creatures vanquished.

Grand Total: 776 creatures vanquished

Notes
Turn   | Place    | Note
--------------------------------------------------------------
     0 | D:1      | kae the Minotaur Fighter began the quest for the Orb.
     0 | D:1      | Reached XP level 1. HP: 19/19 MP: 0/0
   144 | D:1      | Reached XP level 2. HP: 24/26 MP: 1/1
   518 | D:1      | Reached skill level 4 in Long Blades
   709 | D:2      | Reached XP level 3. HP: 31/31 MP: 2/2
   857 | D:2      | Reached skill level 5 in Long Blades
   872 | D:2      | Found a burning altar of Makhleb.
   994 | D:2      | Reached XP level 4. HP: 39/39 MP: 3/3
  1108 | D:2      | Found a sparkling altar of Nemelex Xobeh.
  1584 | D:3      | Noticed kae's ghost (average TeFE)
  1593 | D:3      | Killed kae's ghost
  1593 | D:3      | Reached skill level 7 in Long Blades
  1593 | D:3      | Reached XP level 5. HP: 34/45 MP: 4/4
  1859 | D:3      | Found a sacrificial altar of Ru.
  2077 | D:4      | Found an ancient bone altar of Kikubaaqudgha.
  2120 | D:4      | Noticed an ogre
  2127 | D:4      | Killed an ogre
  2127 | D:4      | Reached skill level 8 in Long Blades
  2127 | D:4      | Reached XP level 6. HP: 51/51 MP: 5/5
  2537 | D:3      | Reached skill level 9 in Long Blades
  2893 | D:4      | Reached XP level 7. HP: 50/57 MP: 6/6
  2996 | D:4      | Found an opulent altar of Gozag.
  3304 | D:4      | Found a glowing golden altar of the Shining One.
  3606 | D:4      | Reached skill level 10 in Long Blades
  3831 | D:5      | Entered Level 5 of the Dungeon
  3893 | D:5      | Found a shadowy altar of Dithmenos.
  4458 | D:5      | Reached skill level 11 in Long Blades
  4458 | D:5      | Reached XP level 8. HP: 55/64 MP: 7/7
  4717 | D:6      | Found Atanilul's Gadget Emporium.
  5250 | D:6      | Reached skill level 12 in Long Blades
  5488 | D:7      | Found a snail-covered altar of Cheibriados.
  5527 | D:7      | Found an iron altar of Okawaru.
  5733 | D:7      | Reached skill level 13 in Long Blades
  5734 | D:7      | Found a staircase to the Ecumenical Temple.
  5906 | D:7      | Noticed a troll
  5915 | D:7      | Killed a troll
  5915 | D:7      | Reached XP level 9. HP: 60/70 MP: 8/8
  5965 | Temple   | Entered the Ecumenical Temple
  6004 | Temple   | Became a worshipper of Qazlal Stormbringer
  6127 | D:7      | Reached skill level 14 in Long Blades
  6187 | D:7      | Found a deep blue altar of Sif Muna.
  6600 | D:8      | Acquired Qazlal's first power
  6681 | D:8      | Found a blossoming altar of Fedhas.
  6811 | D:8      | Reached skill level 15 in Long Blades
  6963 | D:8      | Found a bloodstained altar of Trog.
  7717 | D:9      | Acquired Qazlal's second power
  7749 | D:9      | Reached skill level 5 in Armour
  7779 | D:9      | Reached skill level 5 in Fighting
  7855 | D:9      | Reached XP level 10. HP: 81/81 MP: 9/9
  7905 | D:9      | Found Fuirafas's Assorted Antiques.
  7912 | D:9      | Bought a scroll of identify for 54 gold pieces
  7912 | D:9      | Bought an inky potion for 24 gold pieces
  7912 | D:9      | Bought a fuming blue potion for 24 gold pieces
  7912 | D:9      | Bought a small blue amulet for 135 gold pieces
  7912 | D:9      | Bought a pair of glowing gloves for 121 gold pieces
  7939 | D:9      | Found a shimmering altar of Xom.
  8222 | D:10     | Entered Level 10 of the Dungeon
  8222 | D:10     | Found a staircase to the Lair.
  8992 | D:10     | Noticed a hill giant
  9013 | D:10     | Acquired Qazlal's third power
  9029 | D:10     | Killed a hill giant
  9102 | D:10     | Noticed a hill giant
  9143 | D:10     | Killed a hill giant
  9385 | D:10     | Killed an unseen horror
  9390 | D:11     | Noticed a cyclops
  9392 | D:10     | HP: 2/91 [electric eel/bolt of electricity (9)]
  9406 | D:10     | Noticed Harold
  9938 | D:10     | Killed Harold
  9938 | D:10     | Reached XP level 11. HP: 51/99 MP: 10/10
 10190 | D:10     | Found a portal to a secret trove of treasure.
 10368 | D:10     | Reached skill level 10 in Armour
 10372 | D:10     | Reached skill level 10 in Fighting
 10393 | D:10     | Found a staircase to the Orcish Mines.
 10701 | Lair:1   | Entered Level 1 of the Lair of Beasts
 10725 | Lair:1   | Noticed a five-headed hydra
 10746 | Lair:1   | Reached skill level 1 in Invocations
 11188 | Lair:1   | Killed a ten-headed hydra
 11369 | Lair:1   | Reached skill level 5 in Invocations
 12155 | Lair:2   | Noticed an eight-headed hydra
 12158 | Lair:2   | Killed an eight-headed hydra
 12185 | Lair:2   | Noticed a four-headed hydra
 12198 | Lair:2   | Killed an eight-headed hydra
 12568 | Lair:2   | Reached XP level 12. HP: 88/106 MP: 17/17
 12570 | Lair:2   | Identified a scroll of acquirement
 12571 | Lair:2   | Got a translucent scimitar
 12572 | Lair:2   | Identified the +10 scimitar "Necsaukk" {flame, Str-3 Int+7 Dex+4} (You acquired it on level 2 of the Lair of Beasts)
 12674 | Lair:2   | Acquired Qazlal's fourth power
 13165 | Lair:3   | Noticed a four-headed hydra
 13172 | Lair:3   | Killed a one-headed hydra
 13172 | Lair:3   | Reached skill level 10 in Invocations
 13231 | Lair:3   | Noticed Sonja
 13468 | Lair:3   | Found a staircase to the Swamp.
 13522 | Lair:3   | Noticed a seven-headed hydra
 13529 | Lair:3   | Killed a three-headed hydra
 13874 | Lair:3   | Killed Sonja
 14326 | Lair:4   | Found a hole to the Spider Nest.
 14451 | Lair:4   | Acquired Qazlal's fifth power
 14689 | Lair:4   | Reached XP level 13. HP: 110/113 MP: 20/22
 14856 | Lair:4   | Noticed Nergalle
 14899 | Lair:4   | Killed Nergalle
 15873 | Lair:6   | Reached skill level 16 in Long Blades
 16379 | Lair:6   | Reached skill level 17 in Long Blades
 16983 | Lair:7   | Reached skill level 18 in Long Blades
 17057 | Lair:7   | Reached XP level 14. HP: 78/121 MP: 23/23
 17295 | Lair:7   | Reached skill level 19 in Long Blades
 17843 | Lair:7   | Found a staircase to the Slime Pits.
 18011 | Lair:8   | Entered Level 8 of the Lair of Beasts
 18649 | Lair:8   | Noticed nuthulu's ghost (powerful MiFi)
 18796 | Lair:8   | Killed nuthulu's ghost
 18796 | Lair:8   | Reached skill level 20 in Long Blades
 19365 | Lair:8   | Found a runed door.
 19456 | Lair:8   | Mangled by a giant leech

Vault maps used:
D:1:      grunt_arrival_crossed_arrows
D:2:      lemuel_crystal_altar, lemuel_doored_altar
D:3:      lemuel_crystal_altar, lightli_corner_chamber
D:4:      kiku_gazebo_pond_becter, nicolae_gozag_seed_capital, tso_oasis_becter,
          minmay_ruptured
D:5:      nicolae_dithmenos_shadow_blocks, first_bread
D:6:      serial_shops, shop, dk_vineyard_3
D:7:      led_sif_pool, minitemple, minmay_temple_entry_statues
D:8:      kennysheep_mini, basic_altar
D:9:      lemuel_round_altar, serial_shops, kennysheep_mini_moat
D:10:     lair_0_dummy, erik_orc_1, nicolae_trove_entry_crossroad,
          grunt_tengu_nest, uniq_harold
Temple:   temple_island_7
Lair:1:   lemuel_fruit_fields, grunt_megastairs_2, bh_autumn_forest_stairs,
          serial_bayou_shore_a
Lair:3:   swamp_mist, lemuel_fruit_tree, infiniplex_staircase_pool, uniq_sonja
Lair:4:   spider_nest_entry_a, hibernation_bobbens, lemuel_fruit_fields,
          uniq_nergalle
Lair:6:   roderic_batcave, st_stairs_7
Lair:7:   minmay_slime_entry_pillars
Lair:8:   wormcave, hangedman_lair_caniforms_friends, minivault_29

Action                   |  1- 3 |  4- 6 |  7- 9 | 10-12 | 13-15 || total
-------------------------+-------+-------+-------+-------+-------++-------
Melee: Long sword        |   100 |   135 |   104 |       |       ||   339
       Falchion          |       |       |   334 |   374 |       ||   708
       Scimitar          |       |       |       |   186 |   680 ||   866
Invok: Upheaval          |       |       |       |     4 |     4 ||     8
       Elemental Force   |       |       |       |       |     3 ||     3
Evoke: Wand              |       |       |       |     6 |       ||     6
  Use: Scroll            |       |     8 |     6 |    17 |     2 ||    33
       Potion            |       |       |     2 |     9 |     1 ||    12
 Stab: Distracted        |       |       |       |       |     2 ||     2
  Eat: Chunk             |       |     7 |    16 |    18 |    15 ||    56
       Fruit             |       |       |     1 |     1 |     2 ||     4
       Bread ration      |       |       |       |     1 |       ||     1
       Meat ration       |       |       |       |       |     1 ||     1
       Beef jerky        |       |       |       |       |     1 ||     1
